 Dungeon Crawl Stone Soup version 0.18-a0-1156-gc10038c (webtiles) character file.

365 Wallaby3 the Grave Robber (level 6, 0/48 HPs)
             Began as a Hill Orc Necromancer on Jan 23, 2016.
             Hit by a tomahawk thrown by an orc (1 damage)
             ... on level 3 of the Dungeon.
             The game lasted 00:11:59 (3730 turns).

Wallaby3 the Grave Robber (Hill Orc Necromancer)    Turns: 3730, Time: 00:11:59

Health: 0/48       AC:  4    Str: 16    XL:     6   Next: 68%
Magic:  0/8        EV: 12    Int: 21    God:
Gold:   98         SH:  0    Dex: 12    Spells: 2 memorised, 4 levels left

rFire  . . .     SeeInvis .     a - +0 war axe
rCold  . . .     Gourm    .     n - +2 robe {MR+}
rNeg   . . .     Faith    .     (no shield)
rPois  .         Spirit   .     (no helmet)
rElec  .         Dismiss  .     (no cloak)
rCorr  +         Reflect  .     (no gloves)
SustAt .         Harm     .     (no boots)
MR     +....                    (no amulet)
Stlth  ++........               (no ring)
                                m - ring of resist corrosion

@: mighty, brilliant, somewhat resistant to hostile enchantments, unstealthy
A: no striking features
a: no special abilities


You were on level 3 of the Dungeon.
You were not hungry.

You visited 1 branch of the dungeon, and saw 4 of its levels.

You collected 98 gold pieces.

Inventory:

Hand Weapons
 a - a +0 war axe (weapon)
Missiles
 d - a tomahawk (quivered)
Armour
 e - a +0 ring mail
 n - a +2 robe of magic resistance (worn)
Jewellery
 m - a ring of resist corrosion (left hand)
Scrolls
 f - a scroll of enchant armour {unknown}
 j - a scroll of identify
 k - 3 scrolls of remove curse
Potions
 o - a potion of agility {unknown}
Books
 b - a book of Necromancy

   Spells                             Type                      Level
   a - Pain                           Necromancy                   1
   b - Animate Skeleton               Necromancy                   1
   c - Vampiric Draining              Necromancy                   3
   d - Regeneration                   Charms/Necromancy            3
   e - Animate Dead                   Necromancy                   4
   f - Control Undead                 Necromancy                   4
Comestibles
 c - 4 bread rations
 h - 2 fruits


   Skills:
 + Level 2.3 Fighting
 + Level 2.1 Axes
 + Level 2.5 Armour
 - Level 1.5 Dodging
 - Level 1.5 Stealth
 - Level 1.5 Spellcasting
 * Level 6.6 Necromancy


You had 4 spell levels left.
You knew the following spells:

 Your Spells              Type           Power        Failure   Level  Hunger
a - Pain                  Necr           ####         1%          1    #......
b - Vampiric Draining     Necr           #####.....   1%          3    ###....


Dungeon Overview and Level Annotations

Branches:
Dungeon (4/15)             Temple (0/1) D:4

Altars:
Ashenzari
Vehumet


Message History

The orc hits you with a club.
* * * LOW HITPOINT WARNING * * *
Casting: Pain
Confirm with . or Enter, or press ? or * to list all spells.
Aiming: Pain
Press: ? - help, Shift-Dir - straight line, f - orc
Aim: an orc, wielding a club and wearing a leather armour (heavily wounded, chance to defeat MR: 96%)
The orc convulses in agony!
You kill the orc!
The orc throws a tomahawk.
The tomahawk hits you.
* * * LOW HITPOINT WARNING * * *
Casting: Pain
Confirm with . or Enter, or press ? or * to list all spells.
Aiming: Pain
Press: ? - help, Shift-Dir - straight line, f - orc
Aim: an orc, wielding a whip (chance to defeat MR: 96%)
The orc convulses in agony!
The orc throws a tomahawk.
The tomahawk closely misses you.
The orc throws a tomahawk.
The tomahawk hits you.
You die...

# .#. .# .#..#.##
#.# .......##.#
###.#......###
.......#.. ..#
#....#.# #.#
#..#.###.#
#..†wo)((# .#
#....###@# .# .#
#...)# #.# ###.#
..#....# #.#
#...##..#....###.#
...). ...........#
##.####.#....##.##
.....##.#....##.#
......#.#.#..##.#
......#.#.......#


You could see a worm and an orc.

Vanquished Creatures
  Sigmund (D:3)
  A hound (D:4)
  An orc wizard (D:4)
  Jessica (D:2)
  6 adders
  2 oozes
  2 adder skeletons (D:4)
  3 giant geckos
  10 orcs
  A ball python (D:3)
  4 bats
  7 goblins
  4 hobgoblins
  2 jackals (D:1)
  4 giant newts
  3 kobolds
  4 rats
56 creatures vanquished.

Notes
Turn   | Place    | Note
--------------------------------------------------------------
     0 | D:1      | Wallaby3 the Hill Orc Necromancer began the quest for the Orb.
     0 | D:1      | Reached XP level 1. HP: 14/14 MP: 3/3
   210 | D:1      | Reached XP level 2. HP: 10/20 MP: 4/4
   878 | D:1      | Reached XP level 3. HP: 23/26 MP: 5/5
  1034 | D:2      | Reached skill level 5 in Necromancy
  1317 | D:2      | Noticed Jessica
  1324 | D:2      | Killed Jessica
  1324 | D:2      | Reached XP level 4. HP: 26/33 MP: 0/6
  1411 | D:2      | Found a shattered altar of Ashenzari.
  2101 | D:3      | Noticed Sigmund
  2250 | D:3      | Reached skill level 1 in Armour
  2263 | D:3      | Found a faded altar to an unknown god.
  2634 | D:3      | Reached XP level 5. HP: 34/38 MP: 7/7
  2674 | D:4      | Reached skill level 6 in Necromancy
  2847 | D:4      | Learned a level 3 spell: Vampiric Draining
  2909 | D:4      | Reached skill level 1 in Fighting
  2918 | D:4      | Found a staircase to the Ecumenical Temple.
  2990 | D:4      | Reached skill level 1 in Axes
  3340 | D:4      | Noticed a phantom
  3642 | D:3      | Found a radiant altar of Vehumet.
  3712 | D:3      | Killed Sigmund
  3712 | D:3      | Reached XP level 6. HP: 21/48 MP: 2/8
  3728 | D:3      | HP: 2/48 [orc/tomahawk (4)]
  3730 | D:3      | Hit by a tomahawk thrown by an orc

Vault maps used:
D:1:      evilmike_arrival_rings
D:2:      evilmike_ruin_ashenzari, first_bread, hangedman_decor_clover_reticule,
          uniq_jessica
D:3:      old_standard_altar, lemuel_crystal_altar, overflow_temple_1_default,
          ecumenical_altar_2, uniq_sigmund
D:4:      kennysheep_mini_moat, minmay_temple_entry_poolview

Action                   |  1- 3 |  4- 6 || total
-------------------------+-------+-------++-------
Melee: Short sword       |    82 |     7 ||    89
       War axe           |       |    94 ||    94
Throw: Tomahawk          |     5 |     7 ||    12
 Cast: Pain              |    13 |    43 ||    56
  Use: Scroll            |       |     3 ||     3
       Potion            |       |     4 ||     4
 Stab: Sleeping          |     1 |       ||     1
  Eat: Chunk             |     2 |     8 ||    10
